 Dungeon Crawl Stone Soup version 0.29-a0-111-gbaf749a769 (webtiles) character file.

Game seed: 8241366128492690726

30 cyrus the Sneak (level 3, 0/18 HPs)
             Began as a Vine Stalker Brigand on Feb 17, 2022.
             Was a Follower of Okawaru.
             Slain by Jessica (3 damage)
             ... on level 2 of the Dungeon.
             The game lasted 00:05:07 (1303 turns).

cyrus the Sneak (Vine Stalker Brigand)              Turns: 1303, Time: 00:05:08

Health: 0/18       AC:  3    Str: 13    XL:     3   Next: 20%
Magic:  0/4        EV: 14    Int: 13    God:    Okawaru [*.....]
Gold:   76         SH:  0    Dex: 15    Spells: 2/2 levels left

rFire   . . .      SeeInvis .   h - +0 spear
rCold   . . .      Faith    .   (no shield)
rNeg    . . .      Spirit   +   b - +0 robe
rPois   .          Reflect  .   (no helmet)
rElec   .          Harm     .   c - +0 cloak
rCorr   .          Rampage  .   (no gloves)
Will    .....                   (no boots)
Stlth   +++++.....              (no amulet)
HPRegen 0.06/turn               (no ring)
MPRegen 0.09/turn               (no ring)

@: heroic
A: fangs 2, magic shield, antimagic bite, no potion heal 2
a: Renounce Religion, Heroism


You were on level 2 of the Dungeon.
You worshipped Okawaru.
Okawaru was aware of your devotion.
You visited 1 branch of the dungeon, and saw 2 of its levels.

You collected 76 gold pieces.

Inventory:

Hand Weapons
 a - a +2 dagger
 f - a +0 dagger
 h - a +0 spear (weapon)
Missiles
 d - 7 poisoned darts (quivered)
 e - 2 curare-tipped darts
Armour
 b - a +0 robe (worn)
 c - a +0 cloak (worn)
Scrolls
 i - a scroll of teleportation {unknown}
 j - a scroll of identify {unknown}
Potions
 g - a potion of brilliance {unknown}
 k - a potion of degeneration {unknown}
 l - a potion of lignification {unknown}
 m - a potion of haste {unknown}


   Skills:
 + Level 2.0(7.0) Fighting
 + Level 2.0(7.0) Short Blades
 + Level 2.1(7.1) Throwing
 + Level 0.8(5.8) Dodging
 + Level 5.6(10.6) Stealth


You had 2 spell levels left.
You didn't know any spells.
Your spell library contained the following spells:

 Spells                   Type           Power      Damage    Failure   Level
 Ozocubu's Armour         Ice            0%         N/A       67%         3
 Ozocubu's Refrigeration  Ice            0%         4d5       100%        7


Dungeon Overview and Level Annotations

Branches:
Dungeon (2/15)

Altars:
Okawaru

Annotations:
D:2 Jessica, Natasha


Innate Abilities, Weirdness & Mutations

You have extremely sharp teeth.
When hurt, damage is shared between your health and your magic reserves.
Your bite disrupts and absorbs the magic of your enemies.
Potions cannot restore your health.


Message History

You hit the bat.
You kill the bat!
Okawaru accepts your kill.
You hit the dart slug.
You kill the dart slug!
Okawaru accepts your kill.
You hit the dart slug.
You bite the dart slug, but do no damage.
The dart slug is heavily wounded.
The dart slug launches a dart at you. The slug dart hits you.
You hit the dart slug. You bite the dart slug.
You kill the dart slug!
Okawaru accepts your kill.
Natasha hisses angrily.
You hear a shout!
Jessica the Apprentice Sorceress comes into view.
She is wielding a +0 dagger.
A kobold comes into view. It is wielding a +1 dagger of speed.
A bat comes into view.
Things that are here:
a dart slug corpse; a bat corpse An endoplasm comes into view.
Natasha casts a spell.
You gain the combat prowess of a mighty hero.
Natasha casts a spell.
The crimson imp shouts, "Back with thee, thou errant onion-eyed scut!"
Jessica hits you but does no damage. Natasha closely misses you.
You hit Jessica. Your bite misses Jessica.
Jessica is moderately wounded.
Jessica points at you and mumbles some strange words.
Pain shoots through your body!
Ouch! That really hurt!
* * * LOW HITPOINT WARNING * * *
You hit Jessica but do no damage.
Jessica is moderately wounded.
The crimson imp blinks!
The bat barely misses you. Natasha casts a spell at you.
The magic dart hits you.
* * * LOW HITPOINT WARNING * * *
Jessica hits you with a +0 dagger.
You die...

### ######
#.#.######....#
#.#......#.##.#
#.#.####.#.##.#
#.#.####.#.##.#
#.#...##.#.##.#
#.###.##)#.##.#
#.###.###†##.#.#<.#
#....b@...##...####
#5..Kh@§.#######
#....5b..#
#..[..(..#
#........#
#........#
#...J....#
#........#


You could see Natasha, a crimson imp (summoned), a white imp (summoned),
Jessica, an endoplasm, 2 bats and a kobold.

Vanquished Creatures
  2 dart slugs (D:2)
  2 ball pythons (D:1)
  2 bats
  An endoplasm (D:1)
  3 giant cockroaches (D:1)
  4 goblins (D:1)
  A frilled lizard (D:1)
  6 kobolds
  5 rats (D:1)
26 creatures vanquished.

Vanquished Creatures (others)
  A plant (D:1)
1 creature vanquished.

Grand Total: 27 creatures vanquished

Notes
Turn   | Place    | Note
-------+----------+-------------------------------------------
     0 | D:1      | cyrus the Vine Stalker Brigand began the quest for the Orb.
     0 | D:1      | Reached XP level 1. HP: 11/11 MP: 2/2
    51 | D:1      | Reached skill level 5 in Stealth
   122 | D:1      | Reached XP level 2. HP: 3/15 MP: 3/3
   794 | D:1      | Found a faded altar of an unknown god.
   800 | D:1      | Prayed at the altar of an unknown god.
   800 | D:1      | Became a worshipper of Warmaster Okawaru
   800 | D:1      | Reached * piety under Okawaru
  1241 | D:2      | Reached XP level 3. HP: 16/18 MP: 2/4
  1287 | D:2      | Noticed Natasha
  1296 | D:2      | Noticed Jessica
  1303 | D:2      | Slain by Jessica

Illustrated notes

Levels and vault maps discovered:
D:1:      saegor_arrival_simple_c, layout_rooms,
          shapermc_ecumenical_altar_acropolis, nicolae_figureground_sparkle
D:2:      layout_basic, basic_altar, minmay_quantized, uniq_natasha,
          uniq_jessica, uniq_robin

Skill      XL: |  1  2 |
---------------+-------+-----
Stealth        | 5 |  5.6
Fighting       | 2 |  2.0
Throwing       | 2 |  2.1
Short Blades   | 2 |  2.0
Dodging        | |  0.8

Action                   || total
-------------------------++-------
Melee: Dagger            ||    51
       Bite              ||    15
       Spear             ||    17
Throw: Dart              ||    11
Invok: Heroism           ||     1
 Stab: Sleeping          ||     1
Armor: Robe              ||    25
Dodge: Dodged            ||    39

Table legend: (Time is in decaauts)
 A = Elapsed time spent in this place.
 B = Non-inter-level travel time spent in this place.
 C = Inter-level travel time spent in this place.
 D = Time resting spent in this place.
 E = Time spent auto-exploring this place.
 F = Levels seen in this place.
 G = Mean time per level.
                   A        B        C        D        E       F      G
               +--------+--------+--------+--------+--------+-----+--------+
         Total |   1298 |   1238 |     60 |    248 |    635 |   2 |  649.0 |
       Dungeon |   1298 |   1238 |     60 |    248 |    635 |   2 |  649.0 |
               +--------+--------+--------+--------+--------+-----+--------+

Top non-repeatable levels by time:
     D:1: 1211 daAuts
     D:2: 86 daAuts
